 Dungeon Crawl Stone Soup version 0.27-a0-343-gfcad680f63 (webtiles) character file.

Game seed: 11367353010006301267

632 wakim the Stinger (level 7, -1/41 HPs)
             Began as an Octopode Venom Mage on Feb 14, 2021.
             Slain by a wraith (7 damage)
             ... in an ossuary.
             The game lasted 00:18:05 (5138 turns).

wakim the Stinger (Octopode Venom Mage)             Turns: 5138, Time: 00:18:06

Health: -1/41      AC:  1    Str:  7    XL:     7   Next: 49%
Magic:  22/22      EV: 22    Int: 20    God:
Gold:   235        SH:  4    Dex: 12    Spells: 5/14 levels left

rFire    . . .     SeeInvis .   a - +2 spear (venom)
rCold    + . .     Faith    .   t - +0 buckler
rNeg     . . .     Spirit   .   (helmet restricted)
rPois    .         Reflect  .   v - amulet of the acrobat
rElec    .         Harm     .   h - ring of protection from cold
rCorr    .         Rampage  .   o - ring of magical power
Will     +....                  u - +4 ring of evasion
Stlth    +++.......             w - +4 ring of evasion
HPRegen  0.13/turn              y - ring of willpower
MPRegen  0.18/turn              (no ring)
                                (no ring)
                                (no ring)

@: no status effects
A: almost no armour, stealthy swim, amphibious, 8 rings, constrict 8, camouflage
1, gelatinous body 1
a: no special abilities


You were in an ossuary.
You visited 1 branch of the dungeon, and saw 5 of its levels.
You also visited: Ossuary.

You collected 235 gold pieces.

Inventory:

Hand Weapons
 a - a +2 spear of venom (weapon)
 b - a +0 trident of freezing
Missiles
 p - 57 arrows
 r - 13 boomerangs
Armour
 m - a +0 tower shield
 t - a +0 buckler (worn)
Jewellery
 h - a ring of protection from cold (left tentacle)
 o - a ring of magical power (right tentacle)
 u - a +4 ring of evasion (on tentacle)
 v - an amulet of the acrobat (around mantle)
 w - a +4 ring of evasion (on tentacle)
 y - a ring of willpower (on tentacle)
Scrolls
 e - 3 scrolls of teleportation
 l - a scroll of fog
 n - 3 scrolls of identify
 s - 2 scrolls of amnesia
Potions
 c - a potion of lignification {unknown}
 d - a potion of magic {unknown}
 f - 2 potions of curing
 g - 3 potions of flight
 i - 3 potions of ambrosia
 j - 2 potions of haste {unknown}
 k - 2 potions of invisibility {unknown}
 q - a potion of berserk rage {unknown}
 x - a potion of might {unknown}


   Skills:
 - Level 3.0 Dodging
 - Level 4.0 Stealth
 * Level 3.3 Shields
 - Level 4.0 Spellcasting
 - Level 1.0 Transmutations
 * Level 6.9 Poison Magic


You had 5 spell levels left.
You knew the following spells:

 Your Spells              Type           Power        Failure   Level
b - Poisonous Vapours     Pois/Air       34%          4%          2
c - Olgreb's Toxic Radia  Pois           31%          9%          4
d - Ignite Poison         Fire/Tmut/Pois 14%          14%         3

Your spell library contained the following spells:

 Spells                   Type           Power        Failure   Level
 Sting                    Tmut/Pois      76%          2%          1
 Mephitic Cloud           Conj/Pois/Air  13%          16%         3


Dungeon Overview and Level Annotations

Branches:
Dungeon (5/15)             Temple (0/1) D:4         Ossuary (1/1)

Altars:
Trog
Uskayaw

Annotations:
D:3 3 runed translucent doors, MartinH's ghost, amateur DrEE


Innate Abilities, Weirdness & Mutations

You cannot wear most types of armour.
You are very stealthy in the water. (Stealth+)
You are amphibious.
You can wear up to eight rings at the same time.
You can use your tentacles to constrict eight enemies at once.
Your skin changes colour to match your surroundings (Stealth+).
Your rubbery body absorbs attacks. (AC +1, EV +1)


Message History

The wraith hits you. The wraith drains your vigour!
You feel yourself slow down.
You hit the wraith.
The wraith is moderately damaged.
The wraith hits you! The wraith drains your vigour!
You feel as though you will be slow longer.
The wraith closely misses you.
You hit the wraith but do no damage.
You squeeze the wraith, but do no damage.
The wraith is moderately damaged.
The wraith hits you but does no damage. The wraith barely misses you.
You barely miss the wraith.
The wraith is moderately damaged.
The wraith hits you. The wraith completely misses you.
You hit the wraith but do no damage.
The wraith is moderately damaged.
The wraith completely misses you.
You barely miss the wraith.
The wraith is moderately damaged.
You block the wraith's attack. The wraith hits you.
You hit the wraith.
The wraith is moderately damaged.
The wraith misses you. The wraith hits you!
* * * LOW HITPOINT WARNING * * *
You hit the wraith. You squeeze the wraith.
The wraith is moderately damaged.
The wraith completely misses you.
You closely miss the wraith.
The wraith is moderately damaged.
You block the wraith's attack. The wraith completely misses you.
You hit the wraith but do no damage.
The wraith is moderately damaged.
The wraith misses you. The wraith hits you!
* * * LOW HITPOINT WARNING * * *
You hit the wraith but do no damage.
You squeeze the wraith, but do no damage.
The wraith is moderately damaged.
You feel yourself speed up. The wraith hits you!
You die...

########################
#.......................
#........^..............
#..####..###..###..###..
#..#.'.^.#!#..# ..#
#..####^.#W#.^# .^#
#........#@#..#.#..# ##
#........^^......... #W#
#..####.......###...Z
### #..#.'....8...# ...8
##.## #..####.......#
#..^###..........^..#
.....##...^..........
..∩...'..####..####...
......'..# ...# ..8Z


You could see a wraith.

Vanquished Creatures
  An ogre (D:5)
  A vampire bat (D:4)
  A howler monkey (D:4)
  A centaur zombie (D:5)
  A jelly (D:5)
  An orc priest (D:3)
  Jessica (D:3)
  An orc wizard (D:3)
  3 worker ants
  A mummy (Ossuary)
  4 gnolls (D:2)
  7 adders
  A shadow imp (D:5)
  2 ufetubi (D:5)
  3 oozes
  2 adder zombies
  3 worms
  2 leopard geckos (D:2)
  7 orcs
  8 giant cockroaches
  6 goblins
  7 hobgoblins
  3 jackals (D:1)
  2 quokkas
  12 bats
  4 frilled lizards
  3 goblin zombies
  8 kobolds
  7 rats
  A rat zombie (D:5)
104 creatures vanquished.

Notes
Turn   | Place    | Note
-------+----------+-------------------------------------------
     0 | D:1      | wakim the Octopode Venom Mage began the quest for the Orb.
     0 | D:1      | Reached XP level 1. HP: 11/11 MP: 3/3
   323 | D:1      | Reached XP level 2. HP: 13/17 MP: 3/5
   539 | D:1      | Learned a level 2 spell: Poisonous Vapours
   700 | D:1      | Reached skill level 4 in Poison Magic
   898 | D:1      | Reached XP level 3. HP: 21/21 MP: 3/6
  1547 | D:2      | Reached XP level 4. HP: 21/27 MP: 1/8
  1613 | D:2      | Learned a level 4 spell: Olgreb's Toxic Radiance
  2405 | D:2      | Reached XP level 5. HP: 31/31 MP: 9/9
  2543 | D:2      | Learned a level 3 spell: Ignite Poison
  2552 | D:2      | Reached skill level 5 in Poison Magic
  2654 | D:3      | Noticed Jessica
  2958 | D:3      | Found a runed translucent gate.
  2958 | D:3      | Found a runed translucent gate.
  2958 | D:3      | Found a runed translucent gate.
  3412 | D:3      | Reached XP level 6. HP: 14/36 MP: 7/11
  3539 | D:3      | Killed Jessica
  3540 | D:3      | Reached skill level 1 in Shields
  3612 | D:3      | Noticed MartinH's ghost (amateur DrEE)
  4137 | D:4      | Found a staircase to the Ecumenical Temple.
  4331 | D:4      | Reached skill level 6 in Poison Magic
  4422 | D:4      | Reached XP level 7. HP: 33/41 MP: 13/13
  4771 | D:5      | Entered Level 5 of the Dungeon
  4836 | D:5      | Found a bloodstained altar of Trog.
  4838 | D:5      | Found a hide-covered altar of Uskayaw.
  5052 | D:5      | Found a sand-covered staircase.
  5068 | Ossuary  | Entered an ossuary
  5068 | Ossuary  | Noticed a wraith
  5068 | Ossuary  | Noticed a wraith
  5068 | Ossuary  | Noticed a wraith
  5125 | Ossuary  | Noticed a wraith
  5138 | Ossuary  | Slain by a wraith

Illustrated notes

Levels and vault maps discovered:
D:1:      tarquinn_simple_flora_water_d, layout_loops_corners,
          minmay_tetromino_s2
D:2:      minmay_chambers_of_ones, layout_basic
D:3:      layout_loops_ring, gammafunk_ghost_split, minmay_misc_feat_doors,
          minmay_distorted, uniq_jessica
D:4:      layout_cave_pools, minmay_temple_entry_from_below_a,
          corexii_leaking_fountain, roderic_batcave, dk_vineyard_2
D:5:      layout_basic, grunt_temple_overflow_open, enter_ossuary_4
Ossuary:  ossuary_kennysheep_city_of_the_dead

Skill      XL: |  1  2  3  4  5  6  7 |
---------------+----------------------+-----
Stealth        | 3 4 |  4.0
Poison Magic   | 4 5 6 |  6.9
Spellcasting   | 3 4 |  4.0
Dodging        | 3 |  3.0
Shields        | 2 3 |  3.3
Transmutations | |  1.0

Action                   |  1- 3 |  4- 6 |  7- 9 || total
-------------------------+-------+-------+-------++-------
Melee: Dagger            |    30 |    10 |       ||    40
       Constrict         |     6 |    12 |     6 ||    24
       Tentacles         |     1 |     8 |    10 ||    19
       Spear             |       |    74 |    55 ||   129
 Cast: Sting             |    11 |       |       ||    11
       Poisonous Vapours |    19 |    19 |       ||    38
       Olgreb's Toxic Ra |       |     6 |     1 ||     7
       Ignite Poison     |       |     7 |     2 ||     9
  Use: Scroll            |       |       |     7 ||     7
 Stab: Sleeping          |     8 |    19 |     3 ||    30
Armor: Skin              |     5 |     2 |     3 ||    10
Dodge: Dodged            |    23 |    48 |    37 ||   108
Block: Buckler           |       |     4 |     8 ||    12

Table legend: (Time is in decaauts)
 A = Elapsed time spent in this place.
 B = Non-inter-level travel time spent in this place.
 C = Inter-level travel time spent in this place.
 D = Time resting spent in this place.
 E = Time spent auto-exploring this place.
 F = Levels seen in this place.
 G = Mean time per level.
                   A        B        C        D        E       F      G
               +--------+--------+--------+--------+--------+-----+--------+
         Total |   5156 |   4912 |    244 |   1654 |   2176 |   6 |  859.3 |
       Dungeon |   5079 |   4835 |    244 |   1654 |   2166 |   5 | 1015.8 |
       Ossuary |     76 |     76 |      0 |      0 |     10 |   1 |   76.0 |
               +--------+--------+--------+--------+--------+-----+--------+

Top non-repeatable levels by time:
     D:2: 1510 daAuts
     D:1: 1397 daAuts
     D:3: 1045 daAuts
     D:4: 824 daAuts
     D:5: 301 daAuts
 Ossuary: 76 daAuts
